 Dungeon Crawl Stone Soup version 0.23-a0-108-gf7ee2ed (webtiles) character file.

17 Amnesiac the Gusty (level 2, 0/19 HPs)
             Began as a Mummy Air Elementalist on Aug 22, 2018.
             Slain by an orc (3 damage)
             ... on level 3 of the Dungeon.
             The game lasted 00:01:40 (757 turns).

Amnesiac the Gusty (Mummy Air Elementalist)          Turns: 757, Time: 00:01:40

Health: 0/19       AC:  2    Str: 11    XL:     2   Next: 44%
Magic:  5/6        EV: 12    Int: 14    God:
Gold:   70         SH:  0    Dex: 12    Spells: 4/7 levels left

rFire    . . .     SeeInvis .   (no weapon)
rCold    . . .     Gourm    .   (no shield)
rNeg     + + +     Faith    .   a - +0 robe
rPois    ∞         Spirit   .   (no helmet)
rElec    .         Reflect  .   (no cloak)
rCorr    .         Harm     .   (no gloves)
MR       .....                  (no boots)
Stlth    ++........             (no amulet)
HPRegen  0.06/turn              c - ring of fire
MPRegen  0.10/turn              (no ring)

@: no status effects
A: no food or potions, fire vulnerability, cold resistance 1, negative energy
resistance 3, torment resistance, unbreathing
a: no special abilities


You were on level 3 of the Dungeon.
You were not hungry.

You visited 1 branch of the dungeon, and saw 3 of its levels.

You collected 70 gold pieces.

Inventory:

Armour
 a - a +0 robe (worn)
Jewellery
 c - a ring of fire (left hand)
Scrolls
 b - a scroll of amnesia {!r, unknown}


   Skills:
 - Level 1.5 Dodging
 - Level 1.5 Stealth
 + Level 3.0 Spellcasting
 - Level 0.7 Conjurations
 * Level 3.0 Air Magic


You had 4 spell levels left.
You knew the following spells:

 Your Spells              Type           Power        Failure   Level  Hunger
a - Shock                 Conj/Air       #...         10%         1    N/A
z - Swiftness             Chrm/Air       #.......     17%         2    N/A

Your spell library contained the following spells:

 Spells                   Type           Power        Failure   Level  Hunger
 Static Discharge         Conj/Air       #.......     30%         3    N/A
 Airstrike                Air            ##........   52%         4    N/A
 Lightning Bolt           Conj/Air       #.........   95%         5    N/A

Dungeon Overview and Level Annotations

Branches:
Dungeon (3/15)

Altars:
Cheibriados

Annotations:
D:2 Jessica


Innate Abilities, Weirdness & Mutations

You do not eat or drink.
Your flesh is vulnerable to fire.
You are immune to poison.
Your flesh is cold resistant. (rC+)
You are immune to negative energy. (rN+++)
You are immune to unholy pain and torment.
You can survive without breathing.


Message History

Casting: Shock (safe; 10% risk of failure)
Confirm with . or Enter, or press ? or * to list all spells.
Aiming: Shock (safe; 10% risk of failure)
Press: ? - help, Shift-Dir - straight line, f/p - kobold
Aim: a kobold, wielding a short sword The zap hits the kobold.
The kobold is severely wounded.
The zap hits the kobold.
You kill the kobold!
Casting: Shock (safe; 10% risk of failure)
Confirm with . or Enter, or press ? or * to list all spells.
You can't see any susceptible monsters within range! (Use Z to cast anyway.)
Casting: Shock (safe; 10% risk of failure)
Confirm with . or Enter, or press ? or * to list all spells.
You can't see any susceptible monsters within range! (Use Z to cast anyway.)
Casting: Shock (safe; 10% risk of failure)
Confirm with . or Enter, or press ? or * to list all spells.
You can't see any susceptible monsters within range! (Use Z to cast anyway.)
You start resting.
Magic restored.
There is an escape hatch in the floor here.
You slide downwards.
The hatch slams shut behind you.
A frilled lizard, 3 orcs and a dart slug come into view.
The orc shouts! x2
Found a scroll labeled ADADOPLACEA.
Found a snail-covered altar of Cheibriados.
An orc comes into view. It is wielding a whip.
Found a stone staircase leading down.
The frilled lizard hisses angrily.
The orc shouts! x2
The orc hits you. x2
A hobgoblin comes into view. It is wielding a club.
An adder comes into view.
Found a scroll labeled SEXTYF SIWISI.
A bat and a rat come into view.
Found 21 stones, a scroll labeled WETROQ LAVAUS and a short sword.
A kobold comes into view. It is wielding a dagger.
The bat closely misses you.
Found a whip.
The bat closely misses you.
The adder hisses angrily.
The bat barely misses you.
You hit the orc but do no damage. The bat hits you but does no damage.
The orc hits you with a hand axe. The bat misses you.
The orc completely misses you. The orc hits you.
You hit the hobgoblin.
The hobgoblin is moderately wounded.
The adder barely misses you. The orc closely misses you.
The orc hits you with a hand axe.
* * * LOW HITPOINT WARNING * * *
The orc hits you.
* * * LOW HITPOINT WARNING * * *
The hobgoblin barely misses you.
Casting: Shock (safe; 10% risk of failure)
Confirm with . or Enter, or press ? or * to list all spells.
Aiming: Shock (safe; 10% risk of failure)
Press: ? - help, Shift-Dir - straight line The zap misses the adder.
The zap hits the adder.
The adder is lightly wounded.
The zap misses the bat.
The zap hits the orc.
The orc is moderately wounded.
The adder bites you.
* * * LOW HITPOINT WARNING * * *
The orc hits you.
You die...

............)..#
............?..#
...............#
...............###
..................
................#
r?...(..lob.....#
..####.#ooS#.#K
#o#.@.# #.##og#
#####o#..>#
#...lg....#
#..l......#
#.........#
#..≈≈≈....#
#.≈≈≈≈≈?..#
#...≈≈w≈≈.....


You could see an adder, 4 orcs, a hobgoblin, a bat and a frilled lizard.

Vanquished Creatures
  3 bats
  A giant cockroach (D:2)
  A goblin (D:1)
  4 hobgoblins
  A ball python (D:1)
  2 frilled lizards (D:2)
  4 kobolds
16 creatures vanquished.

Notes
Turn   | Place    | Note
-------+----------+-------------------------------------------
     0 | D:1      | Amnesiac the Mummy Air Elementalist began the quest for the Orb.
     0 | D:1      | Reached XP level 1. HP: 13/13 MP: 4/4
   185 | D:2      | Noticed Jessica
   260 | D:1      | Reached XP level 2. HP: 19/19 MP: 3/5
   266 | D:1      | Learned a level 2 spell: Swiftness
   742 | D:3      | Found a snail-covered altar of Cheibriados.
   757 | D:3      | Slain by an orc

Vault maps used:
D:1:      roderic_octagonal_star
D:2:      lemuel_round_altar, uniq_natasha, uniq_jessica
D:3:      kennysheep_slug_shrine, uniq_grinder

Skill      XL: |  1  2 |
---------------+-------+-----
Air Magic      | 3 |  3.0
Spellcasting   | 3 |  3.0
Dodging        | |  1.5
Stealth        | |  1.5
Conjurations   | |  0.7

Action                   || total
-------------------------++-------
Melee: Unarmed           ||     7
 Cast: Shock             ||    44
Armor: Robe              ||    10
Dodge: Dodged            ||    30

Table legend:
 A = Non-vault XP
 B = Vault XP
 C = Vault XP percentage of total XP
 D = Non-vault monster count
 E = Vault monster count
 F = Vault count percentage of total count
                 A         B        C        D         E       F
            +---------+---------+-------+---------+---------+-------
      Total |      25 |       0 |   0.0 |      16 |       0 |   0.0
            +---------+---------+-------+---------+---------+-------
        D:1 |      12 |       0 |   0.0 |       7 |       0 |   0.0
        D:2 |      13 |       0 |   0.0 |       9 |       0 |   0.0
            +---------+---------+-------+---------+---------+-------
